 Dungeon Crawl Stone Soup version 0.23.2-1-ga50397a (webtiles) character file.

Game seed: 13769188544356591406

6967 Labyrinth the Basher (level 10, 0/90 HPs)
             Began as a Minotaur Hunter on May 22, 2019.
             Was a Believer of Yredelemnul.
             Killed from afar by an orc sorcerer (7 damage)
             ... with a bolt of fire
             ... led by an orc knight
             ... on level 2 of the Orcish Mines.
             The game lasted 01:18:33 (9622 turns).

Labyrinth the Basher (Minotaur Hunter)              Turns: 9622, Time: 01:18:35

Health: 0/90       AC: 13    Str: 18    XL:     10   Next: 81%
Magic:  11/11      EV:  9    Int:  8    God:    Yredelemnul [**....]
Gold:   516        SH:  0    Dex: 13    Spells: 9/9 levels left

rFire    + . .     SeeInvis .   a - +1 hand crossbow
rCold    + . .     Gourm    .   (no shield)
rNeg     . . .     Faith    .   q - +0 chain mail
rPois    +         Spirit   .   (helmet restricted)
rElec    +         Reflect  .   R - +0 cloak
rCorr    +         Harm     .   e - +0 pair of gloves
MR       .....                  (no boots)
Stlth    ..........             (no amulet)
HPRegen  0.25/turn              Q - ring of wizardry
MPRegen  0.12/turn              (no ring)

@: resistant, very slightly contaminated, drained, invisible
A: retaliatory headbutt, horns 2
a: Animate Remains, Recall Undead Slaves, Injury Mirror, Renounce Religion


You were on level 2 of the Orcish Mines.
You worshipped Yredelemnul.
Yredelemnul was pleased with you.
You were not hungry.

You visited 2 branches of the dungeon, and saw 11 of its levels.
You also visited: Sewer.

You collected 516 gold pieces.

Inventory:

Hand Weapons
 a - a +1 hand crossbow (weapon)
 k - the +5 great mace "Baoptysm" {drain, rElec Int+4 Dex-2}
   (You took it off an orc on level 6 of the Dungeon)

   A truly terrible weapon, it drains the life of those it strikes.
   It affects your intelligence (+4).
   It affects your dexterity (-2).
   It insulates you from electricity.
 r - a +6 dire flail
 s - a +0 spear
 y - a +2 flail of protection
 z - a +1 whip of electrocution
 A - a +0 short sword of protection
 C - a +0 blowgun
 H - a +3 scimitar
 M - a +5 dagger of venom
 P - a +3 great sword of freezing
 T - a +2 long sword of slicing
 U - a +1 shortbow of freezing
Missiles
 c - 8 javelins
 d - 36 bolts (quivered)
 h - 237 stones
 l - 12 tomahawks
 u - 57 poisoned needles
 B - 158 arrows
 F - 76 sling bullets
Armour
 e - a +0 pair of gloves (worn)
 q - a +0 chain mail (worn)
 R - a +0 cloak (worn)
Jewellery
 Q - a ring of wizardry (left hand)
Wands
 b - a wand of polymorph (5)
 t - a wand of enslavement (3)
 I - a wand of digging (3)
 K - a wand of iceblast (6)
 L - a wand of random effects (12)
 S - a wand of paralysis (27)
Scrolls
 i - 2 scrolls of blinking
 j - 3 scrolls of remove curse
 p - a scroll of holy word {unknown}
 x - 2 scrolls of teleportation
 E - 2 scrolls of magic mapping
Potions
 m - 6 potions of brilliance
 n - 2 potions of haste
 o - a potion of might
 w - a potion of flight
 D - a potion of magic
 O - a potion of mutation {unknown}
Comestibles
 f - 10 rations
 g - 2 chunks of flesh


   Skills:
 + Level 8.9(8.2) Fighting
 + Level 2.2(1.9) Short Blades
 + Level 1.6(1.8) Long Blades
 + Level 10.1(9.4) Maces & Flails
 + Level 0.5(0.0) Polearms
 + Level 9.2(8.6) Crossbows
 + Level 2.9(2.3) Throwing
 + Level 8.6(7.9) Armour
 + Level 3.5(3.0) Dodging
 + Level 1.9(1.4) Stealth
   Level 1.6(1.0) Shields
 + Level 3.4(2.8) Invocations
 + Level 0.2(0.0) Evocations


You had 9 spell levels left.
You didn't know any spells.
Your spell library contained the following spells:

 Spells                   Type           Power        Failure   Level  Hunger
 Flame Tongue             Conj/Fire      #....        83%         1    ##.....
 Summon Butterflies       Summ           #.......     83%         1    ##.....
 Throw Flame              Conj/Fire      #.....       92%         2    ###....
 Call Canine Familiar     Summ           #.......     99%         3    ####...
 Conjure Flame            Conj/Fire      #.......     99%         3    ####...
 Inner Flame              Hex/Fire       #.......     99%         3    ####...
 Sticky Flame             Conj/Fire      #.......     100%        4    #####..
 Summon Ice Beast         Ice/Summ       #.......     100%        4    #####..
 Fireball                 Conj/Fire      #.........   100%        5    ######.
 Summon Mana Viper        Hex/Summ       #.......     100%        5    ######.
 Summon Hydra             Summ           #.........   100%        7    #######


Dungeon Overview and Level Annotations

Branches:
Dungeon (9/15)             Temple (0/1) D:7             Orc (2/2) D:9
    Elf (0/3) Orc:2
   Lair: D:8-11

Altars:
Cheibriados
Elyvilon
Gozag
Hepliaklqana
Kikubaaqudgha
Nemelex Xobeh
Qazlal
Ru
Vehumet
Wu Jian
Xom
Yredelemnul
The Shining One

Shops:
Orc:2 (*(


Innate Abilities, Weirdness & Mutations

You reflexively headbutt those who attack you in melee.
You have a pair of horns on your head.


Message History

You shoot a bolt. The bolt hits the orc priest!!
You kill the orc priest!
Yredelemnul accepts your kill.
Firing (i - inventory. (/) - cycle)
d - 38 bolts (quivered)
Press: ? - help, Shift-Dir - straight line, f - orc sorcerer
Aim: an orc sorcerer, wielding a +0 dagger and wearing a +0 robe You shoot a bolt.
The bolt hits the orc sorcerer.
The orc sorcerer is lightly wounded.
An orc sorcerer comes into view. It is wielding a +0 dagger.
Firing (i - inventory. (/) - cycle)
d - 37 bolts (quivered)
Press: ? - help, Shift-Dir - straight line, f/p - orc sorcerer
Aim: an orc sorcerer, wielding a +0 dagger and wearing a +0 robe (lightly wounded)
You shoot a bolt.
The bolt barely misses the orc sorcerer.
The bolt hits the orc warrior!
The orc warrior is moderately wounded.
The orc sorcerer points at you and mumbles some strange words.
The bolt of fire hits you! You resist.
You die...
Your body rises from the dead as a mindless zombie.

**,**,,,** **,,,,,,,,∩,,,
*,,,,,,,,* **,,,,,,,,,,,
**,**,,,,* *,,,,,,,,,,,,
,*,**,,,,* **,,,,,,,,,,,
,,,,....,* *###**,,,,,,,,,,,
,,,,,.#.#* #####..##,,,,,,,,,,∩,
,,,,##...# ##.##....##,,,,,,,,,,,
,,*##....###.........##.,,,,,,,,,
..,#.....##.....@.......,,,,*,,*,
..##......#.o....##.....,,,,*****
..........#.oo.###,,,..#*,,,,** *
.∩..........T####,,,,,*#*,,,,,*
.........(O.......,,,,* **,*,**
.........oo...$...,*,,** **,,,*
...........o.......,,,,* **,**
$.........o........,,,,** ***
........<..........,,,,,*


You could see a troll, 2 orc sorcerers, 3 orc warriors and an ogre.

Vanquished Creatures
  Pikel (D:7)
  An orc sorcerer (Orc:2)
  Joseph (D:7)
  The ghost of Ratty the Skirmisher, an amateur MiFi (D:5)
  A hornet (D:9)
  2 hippogriffs
  Sigmund (D:4)
  A wyvern (D:8)
  4 yaks
  A hungry ghost (D:8)
  3 hogs (D:7)
  A human (D:7)
  A phantom (D:7)
  2 slaves (D:7)
  2 orc warriors
  3 sky beasts
  A necrophage (D:5)
  3 ogres
  An eye of draining (D:8)
  3 centaurs
  7 bullfrogs
  A scorpion (D:4)
  8 wights
  A howler monkey (D:6)
  2 crimson imps
  3 orc priests
  A hound (D:7)
  A jelly (D:5)
  A bullfrog skeleton (D:7)
  2 centaur skeletons (D:8)
  4 iguanas
  Natasha (thrice) (D:2)
  4 worker ants
  6 orc wizards
  A killer bee zombie (D:5)
  A hound zombie (D:5)
  A hound skeleton (D:4)
  9 adders
  3 river rats (D:3)
  A shadow imp (D:5)
  2 oozes
  An adder skeleton (D:9)
  2 worms (D:5)
  3 dart slugs
  4 leopard geckos
  23 orcs
  6 bats
  8 giant cockroaches
  4 goblins
  15 hobgoblins
  6 jackals
  4 quokkas
  5 ball pythons
  12 frilled lizards
  A jackal skeleton (D:5)
  12 kobolds
  A leopard gecko zombie (D:6)
  A quokka zombie (D:6)
  7 rats
  A spectral orc (D:4)
  2 plants
214 creatures vanquished.

Vanquished Creatures (collateral kills)
  A troll (D:9)
  A hungry ghost (D:8)
  A slave (D:7)
  2 bullfrogs (D:8)
  A wyvern zombie (D:9)
  A crimson imp (D:8)
  2 bullfrog skeletons
  2 worker ants
  An adder (D:9)
  3 orcs
15 creatures vanquished.

Vanquished Creatures (others)
  A hog skeleton (D:7)
  A bullfrog zombie (D:9)
  A human skeleton (D:7)
  An orc wizard (D:7)
  A human zombie (D:7)
  A howler monkey skeleton (D:6)
  An adder zombie (D:9)
  An adder skeleton (D:9)
  11 orc skeletons
  A quokka skeleton (D:7)
20 creatures vanquished.

Grand Total: 249 creatures vanquished

Notes
Turn   | Place    | Note
-------+----------+-------------------------------------------
     0 | D:1      | Labyrinth the Minotaur Hunter began the quest for the Orb.
     0 | D:1      | Reached XP level 1. HP: 18/18 MP: 0/0
   144 | D:1      | Reached XP level 2. HP: 24/25 MP: 1/1
   192 | D:1      | Reached skill level 5 in Crossbows
   691 | D:2      | Reached XP level 3. HP: 22/30 MP: 2/2
   972 | D:2      | Noticed Natasha
   984 | D:2      | Killed Natasha
   984 | D:2      | Reached skill level 1 in Armour
   984 | D:2      | Reached XP level 4. HP: 28/38 MP: 3/3
  1033 | D:2      | Noticed Natasha
  1038 | D:2      | Killed Natasha
  1315 | D:2      | Noticed Natasha
  1322 | D:2      | Killed Natasha
  1322 | D:2      | Reached XP level 5. HP: 46/46 MP: 4/4
  1842 | D:3      | Found a glowing drain.
  1894 | Sewer    | Entered a sewer
  2602 | Sewer    | Reached skill level 1 in Maces & Flails
  2828 | D:3      | Found a sparkling altar of Nemelex Xobeh.
  3450 | D:4      | Reached XP level 6. HP: 41/52 MP: 5/5
  3494 | D:4      | Found an ornate altar of the Wu Jian Council.
  3497 | D:4      | Found a shimmering altar of Xom.
  3499 | D:4      | Found a glowing golden altar of the Shining One.
  3499 | D:4      | Found a hazy altar of Hepliaklqana.
  3503 | D:4      | Found a white marble altar of Elyvilon.
  3505 | D:4      | Found a radiant altar of Vehumet.
  3724 | D:4      | Noticed Sigmund
  3748 | D:4      | Killed Sigmund
  3748 | D:4      | Reached skill level 1 in Short Blades
  3748 | D:4      | Reached skill level 2 in Maces & Flails
  4090 | D:4      | Found a basalt altar of Yredelemnul.
  4100 | D:4      | Became a worshipper of Yredelemnul the Dark
  4180 | D:5      | Entered Level 5 of the Dungeon
  4260 | D:5      | Noticed a sky beast
  4270 | D:5      | Killed a sky beast
  4270 | D:5      | Reached XP level 7. HP: 53/60 MP: 6/6
  4367 | D:5      | Reached skill level 5 in Fighting
  4462 | D:5      | Reached skill level 3 in Maces & Flails
  4531 | D:5      | Found a runed translucent door.
  4531 | D:5      | Noticed Ratty's ghost (amateur MiFi)
  4553 | D:5      | Reached skill level 1 in Shields
  4575 | D:5      | Killed Ratty's ghost
  4575 | D:5      | Reached skill level 4 in Maces & Flails
  4575 | D:5      | Reached skill level 1 in Stealth
  4575 | D:5      | Reached XP level 8. HP: 41/70 MP: 7/7
  4590 | D:5      | Found a runed translucent door.
  4608 | D:5      | Reached skill level 1 in Throwing
  5353 | D:6      | Reached skill level 5 in Maces & Flails
  5393 | D:6      | Identified the +5 great mace "Baoptysm" {drain, rElec Int+4
                  | Dex-2}
  5401 | D:6      | Reached * piety under Yredelemnul
  5566 | D:6      | Reached skill level 6 in Maces & Flails
  5794 | D:6      | Found a snail-covered altar of Cheibriados.
  6024 | D:6      | Found a sacrificial altar of Ru.
  6351 | D:7      | Noticed Pikel
  6379 | D:7      | Reached skill level 7 in Maces & Flails
  6379 | D:7      | Reached skill level 5 in Armour
  6379 | D:7      | Reached skill level 1 in Invocations
  6383 | D:7      | Reached XP level 9. HP: 43/75 MP: 8/8
  6390 | D:7      | Noticed Joseph
  6441 | D:7      | Reached skill level 8 in Maces & Flails
  6452 | D:7      | Found an opulent altar of Gozag.
  6481 | D:7      | Killed Joseph
  6524 | D:7      | Reached ** piety under Yredelemnul
  6565 | D:7      | Killed Pikel
  6565 | D:7      | Reached skill level 9 in Maces & Flails
  6682 | D:7      | Found a staircase to the Ecumenical Temple.
  6713 | D:7      | Your ally Joseph died
  7217 | D:8      | Reached XP level 10. HP: 79/86 MP: 6/10
  7582 | D:8      | Reached skill level 1 in Long Blades
  7610 | D:8      | Found an ancient bone altar of Kikubaaqudgha.
  7881 | D:9      | Reached skill level 10 in Maces & Flails
  8163 | D:9      | Found a sparkling altar of Nemelex Xobeh.
  8679 | D:9      | Found a stormy altar of Qazlal.
  8914 | D:9      | Found a staircase to the Orcish Mines.
  9483 | Orc:1    | Entered Level 1 of the Orcish Mines
  9575 | Orc:2    | Entered Level 2 of the Orcish Mines
  9575 | Orc:2    | Found Yhuzeih's Antique Weapon Shop.
  9575 | Orc:2    | Noticed an orc sorcerer
  9578 | Orc:2    | Found Nirroen's Weapon Shoppe.
  9593 | Orc:2    | Noticed a smoke demon
  9594 | Orc:2    | Killed an orc sorcerer
  9604 | Orc:2    | Found Amniumul's Assorted Antiques.
  9604 | Orc:2    | Noticed an orc knight
  9604 | Orc:2    | Noticed an orc sorcerer
  9604 | Orc:2    | Noticed an orc warlord
  9611 | Orc:2    | Found a staircase to the Elven Halls.
  9622 | Orc:2    | Noticed an orc sorcerer
  9622 | Orc:2    | Killed from afar by an orc sorcerer

Skill      XL: |  1  2  3  4  5  6  7  8  9 10 |
---------------+-------------------------------+-----
Crossbows      | 5 6 7 8 9 |  9.2
Fighting       | 3 4 5 6 7 8 |  8.9
Armour         | 1 2 3 5 7 8 |  8.6
Maces & Flails | 1 2 4 7 9 10 | 10.1
Short Blades   | 1 2 |  2.2
Shields        | 1 |  1.6
Stealth        | 1 |  1.9
Throwing       | 1 2 |  2.9
Invocations    | 1 2 3 |  3.4
Dodging        | 3 |  3.5
Long Blades    | 1 |  1.6
Polearms       | |  0.5
Evocations     | |  0.2

Action                   |  1- 3 |  4- 6 |  7- 9 | 10-12 || total
-------------------------+-------+-------+-------+-------++-------
Melee: Short sword       |    38 |    84 |       |       ||   122
       Headbutt          |     5 |    33 |    31 |    13 ||    82
       Spear             |    12 |     7 |       |       ||    19
       Flail             |       |    86 |    81 |     6 ||   173
       Dagger            |       |    10 |       |    28 ||    38
       Great mace        |       |       |    89 |    40 ||   129
       Scimitar          |       |       |     8 |       ||     8
       Dire flail        |       |       |     2 |       ||     2
       Great sword       |       |       |       |     4 ||     4
 Fire: Hand crossbow     |    46 |    88 |    76 |    77 ||   287
Throw: Stone             |       |     3 |       |       ||     3
       Javelin           |       |       |    17 |     1 ||    18
Invok: Animate Remains   |       |       |    19 |    16 ||    35
       Injury Mirror     |       |       |       |     3 ||     3
       Recall Undead Sla |       |       |       |     1 ||     1
Evoke: Wand              |       |       |       |     3 ||     3
  Use: Scroll            |     2 |     8 |     8 |     8 ||    26
       Potion            |     2 |     3 |    10 |     4 ||    19
 Stab: Invisible         |       |       |     3 |       ||     3
       Paralysed         |       |       |       |     1 ||     1
  Eat: Chunk             |       |     7 |     6 |     6 ||    19
       Ration            |       |     2 |     2 |     4 ||     8
Armor: Leather armour    |     2 |       |       |       ||     2
       Ring mail         |     5 |       |       |       ||     5
       Chain mail        |    18 |    68 |   146 |    70 ||   302
Dodge: Dodged            |    20 |    48 |    81 |    59 ||   208
Block: Buckler           |     7 |    16 |    10 |       ||    33
